 Dungeon Crawl Stone Soup version 0.29-a0-700-g2f1814c (webtiles) character file.

Game seed: 11945626213636121390

104 Dawnplanks the Chopper (level 4, -4/40 HPs)
             Began as a Hill Orc Fighter on June 24, 2022.
             Slain by a gnoll
             ... wielding a +0 spear
              (6 damage)
             ... on level 2 of the Dungeon on June 25, 2022.
             The game lasted 00:02:42 (1646 turns).

Dawnplanks the Chopper (Hill Orc Fighter)           Turns: 1646, Time: 00:02:43

Health: -4/40      AC:  7    Str: 23    XL:     4   Next: 80%
Magic:  0/4        EV:  9    Int:  8    God:
Gold:   177        SH:  4    Dex: 10    Spells: 3/3 levels left

rFire   . . .      SeeInvis .   r - +2 whip "Qelejois" {flame, rC+ Str+3 Stlth-}
rCold   + . .      Faith    .   c - +0 buckler
rNeg    . . .      Spirit   +   b - +0 scale mail
rPois   .          Reflect  .   (no helmet)
rElec   .          Harm     .   (no cloak)
rCorr   .          Rampage  .   (no gloves)
Will    .....                   (no boots)
Stlth   ..........              p - amulet of guardian spirit
HPRegen 0.13/turn               (no ring)
MPRegen 0.09/turn               (no ring)

@: no status effects
A: no striking features
a: no special abilities


You were on level 2 of the Dungeon.
You visited 1 branch of the dungeon, and saw 2 of its levels.

You collected 177 gold pieces.

Inventory:

Hand Weapons
 a - a +0 war axe
 r - the +2 whip "Qelejois" (weapon) {flame, rC+ Str+3 Stlth-}
   (You found it on level 2 of the Dungeon)

   It burns those it strikes, dealing additional fire damage.
   Str:       It affects your strength (+3).
   rC:        It protects you from cold.
   Stlth:     It makes you less stealthy.
Missiles
 o - 5 boomerangs (quivered)
Armour
 b - a +0 scale mail (worn)
 c - a +0 buckler (worn)
Jewellery
 p - an amulet of guardian spirit (around neck)
Scrolls
 e - 2 scrolls of identify {unknown}
 g - a scroll of magic mapping {unknown}
 i - a scroll of noise {unknown}
 n - a scroll of vulnerability {unknown}
 q - a scroll of amnesia {unknown}
Potions
 d - a potion of might
 f - a potion of magic {unknown}
 h - 3 potions of brilliance {unknown}
 j - 2 potions of curing {unknown}
 k - a potion of heal wounds {unknown}
 l - a potion of haste {unknown}
 m - a potion of invisibility {unknown}


   Skills:
 + Level 4.0 Fighting
 * Level 5.1 Axes
 + Level 4.0 Armour
 + Level 0.1 Dodging
 + Level 3.5 Shields


You had 3 spell levels left.
You didn't know any spells.
Your spell library was empty.

Dungeon Overview and Level Annotations

Branches:
Dungeon (2/15)

Altars:
Dithmenos


Message History

The gnoll hits you but does no damage. The gnoll closely misses you.
You closely miss the gnoll. The gnoll hits you with a +0 whip.
The gnoll hits you with a +0 club. The gnoll hits you but does no damage.
You hit the gnoll. You burn the gnoll.
The gnoll is moderately wounded.
The gnoll hits you with a +0 whip. The gnoll closely misses you.
The gnoll hits you but does no damage.
You hit the gnoll. You burn the gnoll.
The gnoll is moderately wounded.
The gnoll hits you but does no damage. x3
You hit the gnoll. You burn the gnoll.
The gnoll is heavily wounded.
The gnoll hits you with a +0 whip. You block the gnoll's attack.
The gnoll hits you from afar with a +0 spear.
You whack the gnoll! You burn the gnoll.
You kill the gnoll!
The gnoll hits you with a +0 whip.
* * * LOW HITPOINT WARNING * * *
The gnoll hits you from afar with a +0 spear.
* * * LOW HITPOINT WARNING * * *
Your Armour skill increases to level 4!
You hit the gnoll. You burn the gnoll.
The gnoll is moderately wounded.
You block the gnoll's attack.
The gnoll hits you from afar with a +0 spear.
* * * LOW HITPOINT WARNING * * *
You whack the gnoll! You burn the gnoll.
The gnoll is almost dead.
The gnoll hits you from afar with a +0 spear!
* * * LOW HITPOINT WARNING * * *
The gnoll completely misses you.
You barely miss the gnoll.
The gnoll is almost dead.
The gnoll hits you from afar with a +0 spear.
* * * LOW HITPOINT WARNING * * *
The gnoll hits you but does no damage.
You hit the gnoll. You burn the gnoll.
You kill the gnoll!
The gnoll hits you from afar with a +0 spear.
You die...

..# #.........#
#....# ..#
#.........# ##...#
..# #.........#
#...# ..#
#.........# #...#
..# #.........#
#...#
..####.....(...#
#...#
#....'.........#####
#....
######...........).#
#..##
########...@).#
##.>.. #....).......
#..... #......g.....
###†....
#....[.......
#.......
#............
#.#.....
#............
#.#<....
#............
#.#.....
#............
#....... ###....<


You could see a gnoll.

Vanquished Creatures
  7 gnolls (D:2)
  An adder (D:2)
  2 dart slugs
  A ball python (D:2)
  7 endoplasms
  2 giant cockroaches (D:1)
  3 goblins
  2 kobolds (D:1)
  3 quokkas (D:1)
  A bat (D:2)
  5 frilled lizards
  2 rats (D:1)
36 creatures vanquished.

Vanquished Creatures (others)
  A fungus (D:1)
  5 toadstools (D:1)
6 creatures vanquished.

Grand Total: 42 creatures vanquished

Notes
Turn   | Place    | Note
-------+----------+-------------------------------------------
     0 | D:1      | Dawnplanks the Hill Orc Fighter began the quest for the
                  | Orb.
     0 | D:1      | Reached XP level 1. HP: 19/19 MP: 1/1
    80 | D:1      | Found a faded altar of an unknown god.
   242 | D:1      | Reached XP level 2. HP: 26/26 MP: 2/2
   242 | D:1      | Upgraded the game from 0.29-a0-676-ga64570c to
                  | 0.29-a0-700-g2f1814c
   427 | D:1      | Reached skill level 3 in Axes
   922 | D:2      | Reached XP level 3. HP: 33/33 MP: 3/3
   944 | D:2      | Found a shadowy altar of Dithmenos.
  1295 | D:2      | Reached skill level 4 in Axes
  1298 | D:2      | Reached XP level 4. HP: 16/40 MP: 1/4
  1577 | D:2      | Identified the +2 whip "Qelejois" {flame, rC+ Str+3 Stlth-}
  1633 | D:2      | Reached skill level 5 in Axes
  1645 | D:2      | HP: 2/40 [gnoll/+0 spear (1)]
  1646 | D:2      | Slain by a gnoll

Illustrated notes

Levels and vault maps discovered:
D:1:      minmay_arrival_four_circles, layout_basic,
          nicolae_ecumenical_lake_church, minmay_gold_behind_fungi
D:2:      layout_basic, basic_altar

Skill      XL: |  1  2  3  4 |
---------------+-------------+-----
Axes           | 3 4 5 |  5.1
Fighting       | 4 |  4.0
Armour         | 4 |  4.0
Dodging        | |  0.1
Shields        | |  3.5

Action                   |  1- 3 |  4- 6 || total
-------------------------+-------+-------++-------
Melee: War axe           |    80 |     5 ||    85
       Whip              |       |    17 ||    17
Throw: Boomerang         |     2 |       ||     2
Armor: Scale mail        |    32 |    12 ||    44
Dodge: Dodged            |    35 |     7 ||    42
Block: Buckler           |    10 |     8 ||    18

Table legend: (Time is in decaauts)
 A = Elapsed time spent in this place.
 B = Non-inter-level travel time spent in this place.
 C = Inter-level travel time spent in this place.
 D = Time resting spent in this place.
 E = Time spent auto-exploring this place.
 F = Levels seen in this place.
 G = Mean time per level.
                   A        B        C        D        E       F      G
               +--------+--------+--------+--------+--------+-----+--------+
         Total |   1680 |   1650 |     30 |     31 |   1358 |   2 |  840.0 |
       Dungeon |   1680 |   1650 |     30 |     31 |   1358 |   2 |  840.0 |
               +--------+--------+--------+--------+--------+-----+--------+

Top non-repeatable levels by time:
     D:1: 877 daAuts
     D:2: 802 daAuts
